 Dungeon Crawl Stone Soup version 0.29-a0-234-g0dae59b3db (webtiles) character file.

Game seed: 16947622208145025822

1152 pokeman the Thaumaturge (level 8, -6/44 HPs)
             Began as a Deep Elf Hedge Wizard on Mar 3, 2022.
             Was a Follower of Vehumet.
             Mangled by a steam dragon (8 damage)
             ... on level 5 of the Dungeon.
             The game lasted 00:12:21 (6581 turns).

pokeman the Thaumaturge (Deep Elf Hedge Wizard)     Turns: 6581, Time: 00:12:22

Health: -6/44      AC:  4    Str:  7    XL:     8   Next: 16%
Magic:  15/23      EV: 12    Int: 22    God:    Vehumet [*.....]
Gold:   296        SH:  0    Dex: 14    Spells: 13/25 levels left

rFire   . . .      SeeInvis .   w - +2 hand axe (elec)
rCold   . . .      Faith    .   (no shield)
rNeg    . . .      Spirit   .   p - +0 leather armour
rPois   .          Reflect  .   c - +0 hat
rElec   .          Harm     .   (no cloak)
rCorr   .          Rampage  .   t - +0 pair of gloves
Will    +....                   (no boots)
Stlth   ++........              (no amulet)
HPRegen 0.14/turn               z - ring of willpower
MPRegen 0.18/turn               (no ring)

@: very slightly contaminated
A: no striking features
a: Renounce Religion


You were on level 5 of the Dungeon.
You worshipped Vehumet.
Vehumet was aware of your devotion.
You visited 2 branches of the dungeon, and saw 6 of its levels.

You collected 296 gold pieces.

Inventory:

Hand Weapons
 w - a +2 hand axe of electrocution (weapon)
Armour
 c - a +0 hat (worn)
 p - a +0 leather armour (worn)
 t - a +0 pair of gloves (worn)
Magical Staves
 u - a staff of air
Jewellery
 z - a ring of willpower (left hand)
Wands
 s - a wand of polymorph (12)
 y - a wand of digging (2)
Scrolls
 a - a scroll of enchant armour {unknown}
 g - a scroll of enchant weapon {unknown}
 j - 6 scrolls of identify {unknown}
 k - 2 scrolls of teleportation {unknown}
 m - 2 scrolls of magic mapping {unknown}
 o - a scroll of silence {unknown}
 q - 4 scrolls of amnesia {unknown}
 r - a scroll of torment {unknown}
 v - a scroll of immolation {unknown}
 x - 2 scrolls of fear {unknown}
Potions
 b - a potion of lignification {unknown}
 d - 2 potions of curing
 e - a potion of invisibility {unknown}
 f - a potion of attraction {unknown}
 h - a potion of might {unknown}
 i - a potion of heal wounds
 l - a potion of ambrosia {unknown}
 n - a potion of haste {unknown}
 A - a potion of magic {unknown}


   Skills:
 - Level 2.0 Fighting
 + Level 2.0 Armour
 - Level 3.3 Dodging
 - Level 3.0 Stealth
 * Level 9.2 Spellcasting
 + Level 4.6 Conjurations
 - Level 1.1 Summonings
 - Level 1.1 Translocations
 + Level 3.2 Fire Magic
 - Level 1.1 Air Magic
 - Level 1.0 Poison Magic
 - Level 1.2 Evocations


You had 13 spell levels left.
You knew the following spells:

 Your Spells              Type           Power      Damage    Failure   Level
a - Magic Dart            Conj           100%       1d8       1%          1
b - Mephitic Cloud        Conj/Pois/Air  20%        N/A       12%         3
c - Call Imp              Summ           15%        N/A       10%         2
d - Blink                 Tloc           30%        N/A       10%         2
e - Conjure Flame         Conj/Fire      27%        6-21      6%          3
f - Shock                 Conj/Air       88%        1d8       3%          1

Your spell library contained the following spells:

 Spells                   Type           Power      Damage    Failure   Level
 Beastly Appendage        Tmut           20%        N/A       10%         1
 Slow                     Hex            40%        N/A       10%         1
 Wereblood                Tmut           10%        N/A       14%         2
 Spider Form              Tmut/Pois      12%        N/A       22%         3
 Ozocubu's Armour         Ice            10%        N/A       28%         3
 Metabolic Englaciation   Hex/Ice        5%         N/A       95%         5
 Simulacrum               Ice/Necr       5%         N/A       100%        6


Dungeon Overview and Level Annotations

Branches:
Dungeon (5/15)             Temple (1/1) D:4

Altars:
Ashenzari
Cheibriados
Dithmenos
Elyvilon
Hepliaklqana
Kikubaaqudgha
Makhleb
Qazlal
Ru
Sif Muna
Trog
Uskayaw
Vehumet
Wu Jian
Xom
Yredelemnul
Zin
The Shining One

Shops:
D:4 :


Message History

Casting: Magic Dart (safe; 1% risk of failure)
Confirm with . or Enter, or press ? or * to list all spells.
The fire begins to smoulder!
The steam dragon breathes steam at you. The ball of steam hits you!
* * * LOW HITPOINT WARNING * * *
The fire ignites!
Casting: Conjure Flame (dangerous; 6% risk of failure)
Confirm with . or Enter, or press ? or * to list all spells.
Aiming: Mephitic Cloud (dangerous; 12% risk of failure)
Press: ? - help, Shift-Dir - straight line, f/p - steam dragon
Aim: a steam dragon (lightly wounded, chance to affect: 81%)
You miscast Mephitic Cloud.
You are very lightly contaminated with residual magic.
Nothing appears to happen.
Casting: Mephitic Cloud (dangerous; 12% risk of failure)
Confirm with . or Enter, or press ? or * to list all spells.
Aiming: Mephitic Cloud (dangerous; 12% risk of failure)
Press: ? - help, Shift-Dir - straight line, f/p - steam dragon
Aim: a steam dragon (lightly wounded, chance to affect: 81%)
The ball explodes into a vile cloud!
The stinking cloud engulfs the steam dragon but does no damage.
The steam dragon is lightly wounded.
The steam dragon is engulfed in noxious fumes.
Unknown command.
You hit the steam dragon.
The steam dragon is lightly wounded.
The steam dragon is engulfed in blazing flames.
The steam dragon bites you but does no damage.
The steam dragon closely misses you.
You barely miss the steam dragon.
The steam dragon is moderately wounded.
The steam dragon is engulfed in blazing flames.
The steam dragon breathes steam at you. The ball of steam hits you!
* * * LOW HITPOINT WARNING * * *
Unknown command.
The steam dragon is engulfed in blazing flames.
The steam dragon bites you!
You die...

...#.......#..)....####.....
...#.......##.<.............
#..............##...........
......#####..#.##...........
..#..###........#>....#.....
......##......#.##..........
....#..#......#.##°##..##...
..............#§§D°# ....#
................@### #....#
....#.#.#.#......# #.#.#
..###.#.#.##.###.######.. ..
.......................... #
.....##.#.##.....##########
....###.#.##......... ...##
#...##.........# ...#
##..##.........# ...#
#.###.........#


You could see a steam dragon (catching breath).

Vanquished Creatures
  Eustachio (D:4)
  2 orc warriors
  An ice beast (D:5)
  A black bear (D:5)
  Blork the orc (D:4)
  A gnoll sergeant (D:5)
  A howler monkey (D:5)
  2 hounds
  2 orc priests
  A jelly (D:5)
  An iguana (D:4)
  Terence (D:3)
  An orc wizard (D:4)
  7 gnolls
  5 adders
  3 ufetubi
  2 worms
  4 dart slugs
  11 orcs
  8 ball pythons
  8 bats
  4 endoplasms
  5 giant cockroaches
  6 hobgoblins
  12 jackals (D:1)
  2 quokkas
  2 frilled lizards (D:1)
  4 goblins
  7 kobolds
  A rat (D:1)
107 creatures vanquished.

Vanquished Creatures (collateral kills)
  A dart slug (D:5)
  An orc (D:5)
2 creatures vanquished.

Grand Total: 109 creatures vanquished

Notes
Turn   | Place    | Note
-------+----------+-------------------------------------------
     0 | D:1      | pokeman the Deep Elf Hedge Wizard began the quest for the
                  | Orb.
     0 | D:1      | Reached XP level 1. HP: 10/10 MP: 7/7
   327 | D:1      | Reached XP level 2. HP: 14/15 MP: 2/9
   943 | D:1      | Reached skill level 5 in Spellcasting
  1110 | D:1      | Reached XP level 3. HP: 11/20 MP: 4/11
  2333 | D:2      | Reached skill level 1 in Fighting
  2333 | D:2      | Reached skill level 1 in Armour
  2337 | D:2      | Learned a level 3 spell: Mephitic Cloud
  2340 | D:2      | Learned a level 2 spell: Blink
  2343 | D:2      | Learned a level 2 spell: Call Imp
  2347 | D:2      | Learned a level 3 spell: Conjure Flame
  2753 | D:2      | Reached XP level 4. HP: 25/25 MP: 9/13
  2837 | D:2      | Found a faded altar of an unknown god.
  3413 | D:3      | Reached skill level 1 in Fire Magic
  3783 | D:3      | Reached skill level 6 in Spellcasting
  3969 | D:3      | Noticed an orc warrior
  3986 | D:3      | Killed an orc warrior
  3987 | D:3      | Reached skill level 1 in Air Magic
  3987 | D:3      | Reached XP level 5. HP: 16/29 MP: 6/16
  4204 | D:3      | Noticed Terence
  4215 | D:3      | Killed Terence
  4216 | D:3      | Reached XP level 6. HP: 34/34 MP: 10/17
  4426 | D:4      | Found Ryjun's Book Emporium.
  4442 | D:4      | Reached skill level 1 in Poison Magic
  4499 | D:4      | Noticed Eustachio
  4523 | D:4      | Killed Eustachio
  4524 | D:4      | Reached skill level 7 in Spellcasting
  4524 | D:4      | Reached skill level 1 in Evocations
  4825 | D:4      | Noticed an orc warrior
  4845 | D:4      | Killed an orc warrior
  4846 | D:4      | Reached XP level 7. HP: 21/39 MP: 15/20
  4929 | D:4      | Noticed Blork the orc
  5196 | D:4      | Killed Blork the orc
  5197 | D:4      | Reached skill level 8 in Spellcasting
  5445 | D:4      | Found a staircase to the Ecumenical Temple.
  5454 | Temple   | Entered the Ecumenical Temple
  5503 | Temple   | Became a worshipper of Vehumet
  5818 | D:5      | Entered Level 5 of the Dungeon
  6285 | D:5      | Reached XP level 8. HP: 44/44 MP: 16/22
  6300 | D:5      | Reached * piety under Vehumet
  6300 | D:5      | Offered knowledge of Shock by Vehumet.
  6301 | D:5      | Reached skill level 9 in Spellcasting
  6307 | D:5      | Learned a level 1 spell: Shock
  6580 | D:5      | HP: 2/44 [steam dragon/ball of steam (10)]
  6581 | D:5      | Mangled by a steam dragon

Illustrated notes

Levels and vault maps discovered:
D:1:      heliophobic_arrival_enchanted_forest, layout_basic, minmay_unequal
D:2:      layout_rooms, shapermc_ecumenical_altar_notcrosses,
          grunt_decor_one_mirror
D:3:      layout_basic, uniq_terence
D:4:      layout_gridville, minmay_temple_entry_junction, serial_shops, shop,
          chequers_jeans, uniq_blork_the_orc, uniq_eustachio
D:5:      layout_rooms
Temple:   kilobyte_greek_temple

Skill      XL: |  1  2  3  4  5  6  7  8 |
---------------+-------------------------+-----
Spellcasting   | 5 6 7 8 9 |  9.2
Fighting       | 1 2 |  2.0
Armour         | 1 2 |  2.0
Conjurations   | 2 3 4 |  4.6
Fire Magic     | 1 2 3 |  3.2
Dodging        | 3 |  3.3
Air Magic      | 1 |  1.1
Stealth        | 3 |  3.0
Poison Magic   | 1 |  1.0
Evocations     | 1 |  1.2
Summonings     | |  1.1
Translocations | |  1.1

Action                   |  1- 3 |  4- 6 |  7- 9 || total
-------------------------+-------+-------+-------++-------
Melee: Dagger            |     9 |     3 |       ||    12
       Staff             |       |     8 |       ||     8
       Punch             |       |     1 |     2 ||     3
       Hand axe          |       |    15 |    44 ||    59
 Cast: Magic Dart        |   130 |    98 |    43 ||   271
       Mephitic Cloud    |       |     5 |    15 ||    20
       Conjure Flame     |       |     4 |     4 ||     8
       Call Imp          |       |     1 |     1 ||     2
       Blink             |       |       |     1 ||     1
       Shock             |       |       |    15 ||    15
 Stab: Confused          |       |     2 |     5 ||     7
       Sleeping          |       |       |     1 ||     1
Armor: Robe              |     9 |       |       ||     9
       Leather armour    |       |    10 |    10 ||    20
Dodge: Dodged            |    23 |    35 |    34 ||    92

Table legend: (Time is in decaauts)
 A = Elapsed time spent in this place.
 B = Non-inter-level travel time spent in this place.
 C = Inter-level travel time spent in this place.
 D = Time resting spent in this place.
 E = Time spent auto-exploring this place.
 F = Levels seen in this place.
 G = Mean time per level.
                   A        B        C        D        E       F      G
               +--------+--------+--------+--------+--------+-----+--------+
         Total |   6601 |   6495 |    106 |    852 |   4749 |   6 | 1100.2 |
       Dungeon |   6517 |   6444 |     73 |    852 |   4709 |   5 | 1303.4 |
        Temple |     83 |     50 |     33 |      0 |     40 |   1 |   83.0 |
               +--------+--------+--------+--------+--------+-----+--------+

Top non-repeatable levels by time:
     D:1: 2272 daAuts
     D:3: 1484 daAuts
     D:4: 1271 daAuts
     D:2: 772 daAuts
     D:5: 716 daAuts
  Temple: 83 daAuts
